 Dungeon Crawl Stone Soup version 0.32-a0-86-g8db1b9f803 (webtiles) character file.

Game seed: 8066531919376653976

15166 LobsterGuardian the Skirmisher (level 12, -4/81 HPs)
             Began as a Formicid Hexslinger on Feb 6, 2024.
             Was a High Priest of Hepliaklqana.
             Hit by a large rock thrown by a cyclops (29 damage)
             ... on level 11 of the Dungeon.
             The game lasted 00:26:34 (9835 turns).

LobsterGuardian the Skirmisher (FoHs)               Turns: 9835, Time: 00:26:34

Health: -4/81      AC:  9    Str: 15    XL:     12   Next: 54%
Magic:  19/22      EV: 17    Int: 15    God:    Hepliaklqana [*****.]
Gold:   1032       SH:  4    Dex: 25    Spells: 12/24 levels left

rFire   + . .        G - +2 orcbow (freeze)
rCold   . . .        m - orb {guile}
rNeg    . . .        L - +1 ring mail of the Orb Guardian {rPois rCorr Str+3}
rPois   +            (helmet unavailable)
rElec   .            J - +0 cloak
rCorr   +            d - +0 pair of gloves
SInv    +            (no boots)
Will    +....        (no amulet) Stlth
                     H - ring "Lepnon" {Will+++ EV+5 Dex+5 Slay-4 Stlth-}
HPRegen 0.33/turn    y - ring of protection from fire
MPRegen 0.18/turn

%: no passive effects
@: weak-willed
A: reduced essence, permanent stasis, dig shafts and tunnels, antennae 3, four
strong arms, large bone plates 1
a: Dig, Shaft Self, Renounce Religion, Recall Ancestor, Ancestor Identity,
Transference, Idealise


You were on level 11 of the Dungeon.
You worshipped Hepliaklqana.
Hepliaklqana was extremely pleased with you.
You visited 2 branches of the dungeon, and saw 12 of its levels.
You also visited: Ossuary and Bailey.

You collected 1032 gold pieces.

Inventory:

Hand Weapons
 a - a +0 arbalest
 G - a +2 orcbow of freezing (weapon)
Missiles
 k - 2 throwing nets
Armour
 d - a +0 pair of gloves (worn)
 m - an orb of guile (worn)
 F - a +2 ring mail of fire resistance
 J - a +0 cloak (worn)
 L - the +1 ring mail of the Orb Guardian (worn) {rPois rCorr Str+3}
   (You found it on level 10 of the Dungeon)

   Str+3:     It affects your strength (+3).
   rPois:     It protects you from poison rCorr: It protects you from acid and
   corrosion.
Jewellery
 y - a ring of protection from fire (right hand)
 H - the ring "Lepnon" (left hand) {Will+++ EV+5 Dex+5 Slay-4 Stlth-}
   (You found it in a bailey)

   [ring of evasion]

   EV+5:      It affects your evasion (+5).
   Dex+5:     It affects your dexterity (+5).
   Slay-4:    It affects your accuracy & damage with ranged weapons and melee
   (-4).
   Will+++:   It greatly increases your willpower.
   Stlth-:    It makes you less stealthy.
Wands
 e - a wand of flame (28)
 i - a wand of charming (11)
 x - a wand of mindburst (18)
 K - a wand of iceblast (6)
Scrolls
 b - 3 scrolls of poison
 j - 2 scrolls of enchant armour {unknown}
 l - 3 scrolls of enchant weapon
 r - a scroll of vulnerability
 w - 2 scrolls of immolation {unknown}
 A - a scroll of revelation {unknown}
 C - 2 scrolls of butterflies
 E - 3 scrolls of fog {unknown}
 I - a scroll of silence
Potions
 c - a potion of enlightenment
 f - 2 potions of cancellation
 g - 4 potions of berserk rage
 h - 4 potions of invisibility {unknown}
 n - 4 potions of heal wounds
 o - 4 potions of curing
 p - 2 potions of ambrosia {unknown}
 q - 4 potions of attraction
 s - a potion of mutation
 t - a potion of brilliance {unknown}
 u - a potion of magic {unknown}
 v - 3 potions of lignification {unknown}
 z - 2 potions of might {unknown}
 B - 3 potions of haste {unknown}
 D - 3 potions of resistance


   Skills:
 + Level 7.0 Fighting
 * Level 14.8 Ranged Weapons
 + Level 4.0 Armour
 + Level 2.3 Dodging
 + Level 6.9 Spellcasting
 + Level 9.0 Hexes
 - Level 3.0 Translocations
 - Level 1.0 Fire Magic


You had 12 spell levels left.
You knew the following spells:

 Your Spells              Type           Power      Damage    Failure   Level
a - Jinxbite              Hex            64%        N/A       1%          2
b - Sigil of Binding      Hex            32%        N/A       1%          3
c - Dimensional Bullseye  Hex/Tloc       11%        N/A       22%         4
d - Inner Flame           Hex/Fire       20%        N/A       10%         3

Your spell library contained the following spells:

 Spells                   Type           Power      Damage    Failure   Level
 Cause Fear               Hex            16%        N/A       6%          4
 Lesser Beckoning         Tloc           28%        N/A       11%         2
 Momentum Strike          Conj/Tloc      18%        3d8       21%         2
 Sandblast                Erth           10%        2d5       26%         1
 Static Discharge         Conj/Air       10%        3-4/arc   36%         2
 Hailstorm                Conj/Ice       5%         3d5       58%         3
 Passwall                 Erth           5%         N/A       58%         3
 Stone Arrow              Conj/Erth      10%        3d7       58%         3
 Summon Ice Beast         Ice/Summ       5%         N/A       58%         3
 Airstrike                Air            2%         2d(1-17)  94%         4
 Animate Dead             Necr           5%         N/A       94%         4
 Brom's Barrelling Bould  Conj/Erth      5%         2d3       94%         4
 Summon Lightning Spire   Summ/Air       5%         N/A       94%         4
 Sculpt Simulacrum        Ice/Alch       2%         N/A       100%        6
 Haunt                    Necr/Summ      2%         N/A       100%        7
 Infestation              Necr           2%         N/A       100%        8
 Blink                    Tloc           Unusable   N/A       N/A         2

Dungeon Overview and Level Annotations

Branches:
Dungeon (11/15)            Temple (1/1) D:7            Lair (0/5) D:10
    Orc (0/2) D:9         Ossuary (visited)          Bailey (visited)

Altars:
Ashenzari
Cheibriados
Dithmenos
Elyvilon
Fedhas
Gozag
Hepliaklqana
Kikubaaqudgha
Makhleb
Nemelex Xobeh
Okawaru
Qazlal
Ru
Sif Muna
Trog
Uskayaw
Vehumet
Wu Jian
Xom
Yredelemnul
Zin
The Shining One

Shops:
D:11 [

Annotations:
D:5 2 transporters, knightboat's ghost, amateur KoBe
D:7 3 runed translucent doors, Rexy's ghost, novice DsFi


Innate Abilities, Weirdness & Mutations

Your life essence is reduced to manifest your ancestor. (-10% HP)
You cannot be hasted, slowed, berserked, paralysed or teleported.
You can dig through walls and to a lower floor.
You have a pair of large antennae on your head. (SInv)
Your four strong arms can wield two-handed weapons with a shield.
You are partially covered in large bone plates. (SH +4)


Message History

You shoot an arrow. Brogan avoids your attack.
The arrow barely misses the rakshasa.
The rakshasa gestures at you.
The lance of force hits Brogan!!
Brogan is destroyed!
Unknown command.
You shoot an arrow. The arrow hits the cyclops.
The arrow freezes the cyclops.
The cyclops is heavily wounded.
The cyclops throws a large rock.
The large rock hits you!!
Unknown command.
You shoot an arrow. The arrow hits the cyclops.
The arrow freezes the cyclops.
The cyclops is severely wounded.
A giggling sprite leaps out and doodles on the cyclops's face.
You kill the cyclops!
The cyclops's corpse shimmers and vanishes!
The rakshasa weaves an illusion.
The cyclops shimmers and seems to become two!
You shoot an arrow.
The arrow hits the cyclops but does no damage.
The cyclops is moderately wounded.
A giggling sprite leaps out and smacks the cyclops with its own hand.
The cyclops is heavily wounded.
The cyclops throws a large rock.
The large rock closely misses you.
The rakshasa weaves an illusion.
The cyclops shimmers and seems to become two!
You shoot an arrow. The arrow hits the cyclops!
The arrow freezes the cyclops.
You kill the cyclops!
The cyclops's corpse shimmers and vanishes!
Unknown command.
The jinxing sprites lose interest in you.
There is an escape hatch in the ceiling here.
You shoot an arrow. The arrow hits the cyclops.
The arrow freezes the cyclops.
The cyclops is moderately wounded.
The cyclops throws a large rock.
The large rock hits you!!
Unknown command.
You are too injured to fight recklessly!
The cyclops throws a large rock.
The large rock closely misses you.
The cyclops throws a large rock.
The large rock hits you!!
You die...
Hepliaklqana delivers you to your ancestors.

# #.## # #.# ##
###'##### .#
###...)...# .####
#.'.......#
....######.#..#+#..#
....##.....#..'∩+..#
....##.#####..#'#..#
....##.# #....@..#
...)...# #.C.....#
....#### ##.......#
##.## ###C.+######
#.# #..C#..# ###
#R####.# #...###.###
{ { +.C.#.....#
#...#.....#


You could see a rakshasa (inner flame) and 3 cyclopes.

Vanquished Creatures
  An orc warlord (Bailey)
  2 two-headed ogres
  An ugly thing (D:11)
  Maurice (D:7)
  A manticore (D:11)
  2 cyclopes (D:11)
  2 kobold demonologists
  Maggie (D:10)
  A komodo dragon (D:9)
  Psyche (D:10)
  A troll (D:11)
  Sigmund (D:2)
  11 yaks
  3 vampires
  A wraith (D:9)
  A warg (D:10)
  2 water moccasins
  2 ice beasts
  9 orc warriors
  A black bear (D:5)
  2 ogres
  2 lemures (D:7)
  Blork the orc (D:6)
  A kobold brigand (D:7)
  2 gnoll sergeants
  2 scorpions
  A bullfrog (D:8)
  2 wights (D:7)
  7 howler monkeys
  6 orc priests
  A hound (D:5)
  8 orc wizards
  A sleepcap (D:5)
  7 iguanas
  4 mummies (Ossuary)
  10 gnolls
  9 adders
  2 white imps (D:6)
  A ribbon worm (D:4)
  3 dart slugs
  31 orcs
  8 endoplasms
  2 giant cockroaches
  2 gnoll zombies (Ossuary)
  13 goblins
  11 hobgoblins
  5 jackals
  3 quokkas
  5 ball pythons
  8 bats
  5 frilled lizards
  2 hobgoblin zombies (Ossuary)
  15 kobolds
  A kobold zombie (Ossuary)
  An orc skeleton (D:7)
  3 orc zombies
  5 rats
237 creatures vanquished.

Vanquished Creatures (collateral kills)
  A two-headed ogre (D:9)
  Pikel (D:7)
  A cyclops (D:11)
  A gargoyle (D:11)
  Prince Ribbit (D:6)
  A wyvern (D:7)
  A wraith (D:10)
  4 yaks
  A steam dragon (D:10)
  An acid dragon (D:10)
  An orc warrior (D:8)
  A wolf (D:10)
  2 ogres (D:5)
  A bullfrog (D:8)
  An elf skeleton (D:7)
  A scorpion (D:7)
  A wight (D:7)
  A bombardier beetle (D:4)
  4 orc priests
  A hound (D:5)
  A jelly (D:5)
  2 iguanas
  3 orc wizards
  A human skeleton (D:7)
  4 mummies (Ossuary)
  4 gnolls
  An adder (D:4)
  A white imp (D:8)
  6 orcs
  An endoplasm (D:4)
  A giant cockroach (D:4)
  4 goblins
  4 kobolds (Bailey)
  A ball python (D:4)
  A gnoll zombie (Ossuary)
  An orc skeleton (D:7)
  An orc zombie (Ossuary)
64 creatures vanquished.

Vanquished Creatures (others)
  3 knights
  2 ancestors (D:4)
5 creatures vanquished.

Grand Total: 306 creatures vanquished

Notes
Turn   | Place    | Note
-------+----------+-------------------------------------------
     0 | D:1      | LobsterGuardian the Formicid Hexslinger began the quest for
                  | the Orb.
     0 | D:1      | Reached XP level 1. HP: 15/15 MP: 2/2
    80 | D:1      | Reached XP level 2. HP: 10/21 MP: 3/3
   434 | D:1      | Reached XP level 3. HP: 26/26 MP: 4/4
   637 | D:2      | Noticed Sigmund
   689 | D:2      | Reached skill level 3 in Ranged Weapons
   725 | D:2      | Learned a level 2 spell: Jinxbite
   935 | D:2      | Killed Sigmund
   936 | D:2      | Reached skill level 5 in Ranged Weapons
   936 | D:2      | Reached XP level 4. HP: 23/33 MP: 1/6
   936 | D:2      | Reached XP level 5. HP: 27/38 MP: 1/7
   936 | D:2      | Reached XP level 6. HP: 31/44 MP: 1/8
  1144 | D:2      | Found a hazy altar of Hepliaklqana.
  1164 | D:2      | Became a worshipper of Hepliaklqana the Forgotten
  2180 | D:3      | Reached * piety under Hepliaklqana
  2556 | D:3      | Gained mutation: You are partially covered in large bone
                  | plates. (SH +4) [potion of mutation]
  2789 | D:4      | Found a hide-covered altar of Uskayaw.
  2789 | D:4      | Found a snail-covered altar of Cheibriados.
  2836 | D:4      | Reached skill level 6 in Ranged Weapons
  2836 | D:4      | Reached XP level 7. HP: 44/44 MP: 5/9
  2949 | D:4      | Reached skill level 7 in Ranged Weapons
  3002 | D:4      | Learned a level 3 spell: Sigil of Binding
  3488 | D:5      | Entered Level 5 of the Dungeon
  3495 | D:5      | Reached XP level 8. HP: 47/51 MP: 7/10
  3551 | D:5      | Learned a level 4 spell: Dimensional Bullseye
  3593 | D:5      | Reached ** piety under Hepliaklqana
  3594 | D:5      | Remembered your ancestor Brogan as a knight
  3640 | D:5      | Reached skill level 8 in Ranged Weapons
  3721 | D:5      | Found a transporter.
  3722 | D:5      | Noticed knightboat's ghost (amateur KoBe)
  3726 | D:5      | Identified the +10 dire flail "Xutzux" {venom, ^Fragile
                  | +Blink rElec rPois}
  3728 | D:5      | Found a transporter.
  3775 | D:5      | Reached skill level 1 in Armour
  3806 | D:5      | Reached skill level 5 in Hexes
  3806 | D:5      | Reached skill level 1 in Translocations
  4217 | D:6      | Reached XP level 9. HP: 57/57 MP: 10/13
  4241 | D:6      | Noticed Prince Ribbit
  4249 | D:6      | Killed Prince Ribbit
  4250 | D:6      | Reached skill level 9 in Ranged Weapons
  4353 | D:6      | Noticed Blork the orc
  4362 | D:6      | Killed Blork the orc
  4711 | D:7      | Noticed Pikel
  4728 | D:7      | Killed Pikel
  4791 | D:7      | Found a runed translucent gate.
  4809 | D:7      | Found a runed translucent gate.
  4809 | D:7      | Reached *** piety under Hepliaklqana
  4810 | D:7      | Found a runed translucent gate.
  4824 | D:7      | Reached skill level 10 in Ranged Weapons
  4860 | D:7      | Noticed Maurice
  4871 | D:7      | Maurice stole a throwing net
  4875 | D:7      | Maurice stole 126 gold
  4882 | D:7      | Killed Maurice
  4883 | D:7      | Reached XP level 10. HP: 51/64 MP: 4/16
  5134 | D:7      | Found a sand-covered staircase.
  5138 | Ossuary  | Entered an ossuary
  5184 | Ossuary  | Reached skill level 11 in Ranged Weapons
  5544 | D:7      | Noticed a kobold demonologist
  5551 | D:7      | Killed a kobold demonologist
  5577 | D:7      | Noticed Rexy's ghost (novice DsFi)
  5608 | D:7      | Found a staircase to the Ecumenical Temple.
  5696 | Temple   | Entered the Ecumenical Temple
  6650 | D:8      | Found a bloodstained altar of Trog.
  6905 | D:9      | Noticed a two-headed ogre
  6914 | D:9      | Killed a two-headed ogre
  6915 | D:9      | Reached skill level 5 in Fighting
  6915 | D:9      | Reached skill level 12 in Ranged Weapons
  6915 | D:9      | Found a flagged portal.
  6922 | Bailey   | Entered a bailey
  6976 | Bailey   | Noticed an orc warlord
  7060 | Bailey   | Found a runed translucent gate.
  7063 | Bailey   | Found a runed translucent gate.
  7106 | Bailey   | Found a runed translucent gate.
  7167 | Bailey   | Reached XP level 11. HP: 72/72 MP: 16/18
  7230 | Bailey   | Learned a level 3 spell: Inner Flame
  7248 | Bailey   | Killed an orc warlord
  7249 | Bailey   | Reached skill level 5 in Spellcasting
  7301 | Bailey   | Identified the ring "Lepnon" {Will+++ EV+5 Dex+5 Slay-4
                  | Stlth-}
  7305 | Bailey   | Acquired a +2 antimagic orcbow
  7403 | D:9      | Reached **** piety under Hepliaklqana
  7473 | D:9      | Reached skill level 13 in Ranged Weapons
  7499 | D:9      | Noticed a two-headed ogre
  7512 | D:9      | Killed a two-headed ogre
  7594 | D:9      | Found a broken altar of Ashenzari.
  7701 | D:9      | Found a staircase to the Orcish Mines.
  8363 | D:10     | Entered Level 10 of the Dungeon
  8363 | D:10     | Noticed Maggie
  8363 | D:10     | Noticed Psyche
  8487 | D:10     | Found a glowing golden altar of the Shining One.
  8496 | D:10     | Found a sparkling altar of Nemelex Xobeh.
  8618 | D:10     | Killed Psyche
  8632 | D:10     | Killed Maggie
  8825 | D:10     | Identified the +1 ring mail of the Orb Guardian {rPois
                  | rCorr Str+3}
  9007 | D:10     | Found a staircase to the Lair.
  9137 | D:11     | Noticed a cyclops
  9137 | D:11     | Reached ***** piety under Hepliaklqana
  9241 | D:11     | Killed a cyclops
  9242 | D:11     | Reached skill level 14 in Ranged Weapons
  9242 | D:11     | Reached XP level 12. HP: 80/80 MP: 17/21
  9320 | D:11     | Found Esaj's Armour Shoppe.
  9531 | D:11     | Noticed a two-headed ogre
  9538 | D:11     | Killed a two-headed ogre
  9812 | D:11     | Noticed a rakshasa
  9835 | D:11     | Hit by a large rock thrown by a cyclops

Illustrated notes

Levels and vault maps discovered:
D:1:      sevenhm_arrival_forest_fort_small_6, layout_rooms,
          hangedman_decor_opposing, nicolae_figureground_sparkle
D:2:      layout_basic, basic_altar, uniq_sigmund
D:3:      layout_loops_ring
D:4:      layout_rooms, gammafunk_temple_overflow_wave,
          kennysheep_generic_room_2
D:5:      layout_rooms, gammafunk_ghost_smash, kennysheep_cross_room
D:6:      layout_loops_ring, uniq_prince_ribbit1, uniq_blork_the_orc
D:7:      layout_loops_ring, minmay_temple_entry_statues,
          nicolae_ossuary_entry_catacombs, gammafunk_ghost_icy, uniq_pikel,
          uniq_maurice
D:8:      layout_basic, lightli_temple_of_fire, kennysheep_generic_room_3
D:9:      kennysheep_spiral_hall, layout_irregular_city, lemuel_crystal_altar,
          orc_david_3, enter_bailey_3, minmay_lizard_king
D:10:     layout_roguey, mainiacjoe_overflow_swirl, erik_lair_orcish_takeover,
          minmay_misc_feat_pillars, uniq_maggie, uniq_psyche
D:11:     layout_roguey, serial_shops, nicolae_shop_behind_doors,
          minmay_evil_grid
Temple:   nicolae_temple_bog_church

Skill      XL: |  1  2  3  4  5  6  7  8  9 10 11 12 |
---------------+-------------------------------------+-----
Hexes          | 4 5 6 8 9 |  9.0
Ranged Weapons | 5 6 7 8 10 12 14 | 14.8
Dodging        | 2 |  2.3
Fighting       | 2 3 4 5 6 7 |  7.0
Spellcasting   | 2 4 6 |  6.9
Armour         | 1 2 3 4 |  4.0
Translocations | 1 3 |  3.0
Fire Magic     | |  1.0

Action                     |  1- 3 |  4- 6 |  7- 9 | 10-12 || total
---------------------------+-------+-------+-------+-------++-------
   Fire: Sling             |    83 |   113 |   207 |   215 ||   618
         Orcbow            |       |       |       |   238 ||   238
   Cast: Jinxbite          |     4 |     6 |    37 |    70 ||   117
         Sigil of Binding  |       |       |     2 |     3 ||     5
         Dimensional Bulls |       |       |       |     2 ||     2
         Inner Flame       |       |       |       |     8 ||     8
 Invoke: Ancestor Identity |       |     1 |       |       ||     1
         Ancestor Life: Kn |       |       |     1 |       ||     1
         Recall Ancestor   |       |       |     1 |     1 ||     2
    Use: Scroll            |     2 |     4 |     4 |     9 ||    19
         Potion            |     1 |     1 |     2 |       ||     4
 Armour: Robe              |    30 |    14 |       |       ||    44
         Ring mail         |       |     9 |    33 |    49 ||    91
  Dodge: Dodged            |    26 |    33 |    27 |    38 ||   124
  Block: Other             |       |     1 |     7 |       ||     8

Table legend: (Time is in decaauts)
 A = Elapsed time spent in this place.
 B = Non-inter-level travel time spent in this place.
 C = Inter-level travel time spent in this place.
 D = Time resting spent in this place.
 E = Time spent auto-exploring this place.
 F = Levels seen in this place.
 G = Mean time per level.
                   A        B        C        D        E       F      G
               +--------+--------+--------+--------+--------+-----+--------+
         Total |   9885 |   9285 |    600 |      0 |   7271 |  14 |  706.1 |
       Dungeon |   9203 |   8604 |    599 |      0 |   6816 |  11 |  836.6 |
        Temple |      1 |      1 |      0 |      0 |      0 |   1 |    1.0 |
       Ossuary |    208 |    208 |      0 |      0 |    125 |   1 |  208.0 |
        Bailey |    471 |    471 |      0 |      0 |    329 |   1 |  471.0 |
               +--------+--------+--------+--------+--------+-----+--------+

Top non-repeatable levels by time:
     D:7: 1092 daAuts
     D:9: 1054 daAuts
     D:2: 1045 daAuts
     D:4: 902 daAuts
     D:8: 871 daAuts
     D:3: 862 daAuts
    D:10: 813 daAuts
     D:1: 736 daAuts
     D:6: 638 daAuts
     D:5: 593 daAuts
    D:11: 590 daAuts
  Bailey: 471 daAuts
 Ossuary: 208 daAuts
  Temple: 1 daAuts
